Map: Oxide LE

Players

FoxeR

  • Race: Terran Terran
  • League: Grandmaster

A.I. 2 (Very Easy) - Winner!

  • Race: Protoss Protoss

VOD

Have the link to the VOD?

Description

Time

  • Played on: Sept. 28, 2021, 4:01 p.m.
  • Length: 7:53
Show
View Real Time Build Order
Export as new Build Order

FoxeR Terran 

Build Orders:  

Get SALT Encoding   

  12  0:00  SCV  
  13  0:12  SCV  
  14  0:17  Supply Depot  
  14  0:24  SCV  
  15  0:39  SCV  
  15  0:41  Barracks  
  15  0:42  Refinery  
  16  0:51  SCV  
  17  1:03  SCV  
  18  1:15  SCV  
  19  1:29  Barracks Reactor, Orbital Command  
  19  1:44  Command Center  
  19  1:49  Supply Depot  
  19  1:55  SCV  
  20  2:05  Marine x2  
  20  2:07  SCV  
  23  2:14  Factory  
  23  2:19  SCV  
  24  2:23  Marine x2  
  26  2:31  SCV  
  26  2:33  Refinery  
  27  2:41  Marine x2  
  27  2:43  SCV  
  30  2:56  SCV  
  30  2:57  Orbital Command  
  31  2:59  Starport  
  31  3:00  Hellion  
  31  3:01  Marine  
  31  3:04  Marine  
  35  3:08  SCV  
  36  3:15  Supply Depot  
  36  3:19  Marine  
  36  3:20  SCV  
  36  3:22  SCV  
  36  3:23  Factory Tech Lab  
  36  3:26  Marine  
  40  3:32  SCV  
  41  3:36  Starport Tech Lab  
  41  3:37  SCV  
  42  3:42  Marine, Siege Tank  
  42  3:44  Marine  
  42  3:45  SCV  
  48  3:49  Supply Depot  
  48  3:50  SCV  
  49  3:57  Raven  
  49  3:59  SCV  
  49  4:02  SCV  
  53  4:03  Barracks  
  53  4:04  Marine  
  54  4:10  Marine  
  54  4:11  SCV  
  54  4:12  Barracks  
  56  4:20  Siege Tank  
  56  4:21  SCV  
  56  4:23  SCV  
  61  4:25  Supply Depot  
  61  4:28  Marine  
  62  4:34  Engineering Bay  
  62  4:36  Refinery  
  62  4:44  Supply Depot  
  62  4:46  Marine, SCV x2  
  62  4:47  Marine  
  62  4:48  Supply Depot  
  66  4:57  Marine, Stimpack  
  66  4:58  SCV x2  
  66  4:59  Starport Reactor  
  69  5:04  Terran Infantry Weapons Level 1, Refinery  
  69  5:10  Factory Reactor, SCV  
  69  5:11  Marine x3  
  69  5:12  SCV  
  74  5:15  Marine  
  74  5:21  Supply Depot  
  75  5:23  SCV, Combat Shield  
  75  5:24  SCV  
  77  5:29  Supply Depot, Marine x2  
  77  5:32  Marauder  
  77  5:35  Supply Depot, SCV  
  82  5:42  Marauder  
  84  5:45  Medivac  
  84  5:46  Medivac  
  84  5:48  Marine x2  
  90  5:51  Widow Mine  
  90  5:52  Widow Mine  
  90  5:54  Supply Depot  
  94  5:59  Marauder  
  98  6:06  Marauder  
  98  6:07  Marine x2  
  102  6:16  Command Center  
  100  6:21  Marauder  
  100  6:22  Widow Mine  
  100  6:23  Widow Mine  
  106  6:26  Medivac  
  106  6:27  Marauder  
  106  6:28  Medivac  
  106  6:32  SCV x2  
  114  6:33  Supply Depot  
  114  6:35  Marine x2  
  116  6:44  Barracks x2  
  116  6:46  Widow Mine  
  118  6:55  Marauder x2  
  118  6:56  Supply Depot  
  118  7:00  SCV x2  
  118  7:01  Medivac  
  126  7:14  Supply Depot  
  126  7:18  Widow Mine, SCV x2, Marauder x2  
  134  7:28  Widow Mine, Marine  
  139  7:30  SCV  
  139  7:33  Barracks Tech Lab  
  139  7:34  Barracks Reactor  
Show
View Real Time Build Order
Export as new Build Order

A.I. 2 (Very Easy) Protoss - Winner!

Build Orders:  

Get SALT Encoding   

  12  0:00  Probe  
  13  0:13  Probe  
  14  0:19  Pylon  
  14  0:36  Assimilator  
  14  0:42  Gateway  
  14  0:46  Pylon  
  14  1:15  Assimilator  
  14  1:22  Zealot  
  14  1:24  Probe  
  14  1:31  Cybernetics Core  
  14  1:32  Probe  
  18  1:42  Probe  
  19  1:54  Probe  
  20  2:02  Probe  
  20  2:07  Warp Gate  
  21  2:11  Probe  
  22  2:44  Stalker  
  24  4:53  Probe  
  24  6:06  Probe  
  24  7:25  Probe  
  24  7:29  Adept  
  26  7:33  Probe  
  26  7:35  Nexus  
  21  7:39  Pylon  
  21  7:43  Pylon  
  18  7:47  Robotics Facility  
Tags
 
Add a new tag
Caveats
  • Supply blocks, unpowered buildings, or Contaminate may cause inaccurate times.
  • Supply counts are checked every 10 seconds.